% Time on Ice - KELOWNA ROCKETS
Lines # - Real PCT - Wanted PCT - Time Play
Normal Forward
1 - 35% - 36% - 14:56
2 - 39% - 36% - 16:37
3 - 24% - 23% - 10:03
4 - 2% - 5% - 0:47
Normal Defense
1 - 32% - 36% - 13:33
2 - 27% - 28% - 11:14
3 - 27% - 20% - 11:38
4 - 14% - 16% - 5:58
PP Forward
1 - 30% - 75% - 0:26
2 - 70% - 25% - 1:02
PP Defense
1 - 55% - 75% - 0:48
2 - 45% - 25% - 0:40
PK Forward
1 - 58% - 55% - 8:10
2 - 42% - 45% - 6:00
PK Defense
1 - 44% - 55% - 6:12
2 - 56% - 45% - 7:58
PK3 Forward
1 - 0% - 55%
2 - 0% - 45%
PK3 Defense
1 - 0% - 55%
2 - 0% - 45%
44 Forward
1 - 52% - 50% - 1:02
2 - 48% - 50% - 0:57
44 Defense
1 - 52% - 50% - 1:02
2 - 48% - 50% - 0:57
Last Minute Offensive  - 0:00
Last Minute Defensive  - 0:00
Total
Forward - 60:00
Defense - 60:00
% Time on Ice - SAN JOSE BRONCOS
Lines # - Real PCT - Wanted PCT - Time Play
Normal Forward
1 - 36% - 38% - 15:16
2 - 28% - 32% - 11:42
3 - 24% - 20% - 10:11
4 - 12% - 10% - 5:14
Normal Defense
1 - 35% - 43% - 14:58
2 - 33% - 39% - 13:49
3 - 30% - 18% - 12:54
4 - 2% - 0% - 0:42
PP Forward
1 - 51% - 55% - 7:14
2 - 49% - 45% - 6:56
PP Defense
1 - 59% - 55% - 8:25
2 - 41% - 45% - 5:45
PK Forward
1 - 93% - 55% - 1:22
2 - 7% - 45% - 0:06
PK Defense
1 - 93% - 55% - 1:22
2 - 7% - 45% - 0:06
PK3 Forward
1 - 0% - 55%
2 - 0% - 45%
PK3 Defense
1 - 0% - 50%
2 - 0% - 50%
44 Forward
1 - 50% - 50% - 1:00
2 - 50% - 50% - 0:59
44 Defense
1 - 46% - 50% - 0:55
2 - 54% - 50% - 1:04
Last Minute Offensive  - 0:00
Last Minute Defensive  - 0:00
Total
Forward - 60:00
Defense - 60:00
Play-by-Play 1st period 0:01 of 1st period - Evgeny Kuznetsov wins face-off versus Evgeni Malkin in neutral zone. 0:06 of 1st period - Evgeni Malkin is hit by Alexander Ovechkin and loses puck. 0:11 of 1st period - Shot by Alexander Ovechkin. 0:11 of 1st period - Shot Misses the Net. 0:22 of 1st period - Icing by Jared Spurgeon. 0:23 of 1st period - Evgeni Malkin wins face-off versus Colby Cave in SAN JOSE BRONCOS zone. 0:30 of 1st period - Shot by Evgeni Malkin. 0:30 of 1st period - Stopped by Tuukka Rask without a rebound. 0:31 of 1st period - Anthony Cirelli wins face-off versus Brayden Point in KELOWNA ROCKETS zone. 0:31 of 1st period - Anthony Cirelli is hit by Brayden Point. 0:37 of 1st period - Shot by Nick Bjugstad. 0:37 of 1st period - Stopped by Jacob Markstrom without a rebound. 0:38 of 1st period - Mikko Koivu wins face-off versus James van Riemsdyk in SAN JOSE BRONCOS zone. 0:57 of 1st period - Shot by Colton Sissons. 0:57 of 1st period - Deflect By Anthony Beauvillier. 0:57 of 1st period - Shot Blocked by Drew Doughty. 1:08 of 1st period - Minor Penalty to Neal Pionk for Tripping. 1:08 of 1st period - Minor Penalty to Colby Cave for Interference. 1:09 of 1st period - Nick Bonino wins face-off versus Evgeny Kuznetsov in SAN JOSE BRONCOS zone. 1:14 of 1st period - Shot by Zach Parise. 1:14 of 1st period - Deflect By Nick Bonino. 1:14 of 1st period - Shot Misses the Net. 1:24 of 1st period - Shot by Evgeny Kuznetsov. 1:24 of 1st period - Stopped by Jacob Markstrom without a rebound. 1:25 of 1st period - Mikko Koivu wins face-off versus Anthony Cirelli in SAN JOSE BRONCOS zone. 1:40 of 1st period - Shot by Oliver Bjorkstrand. 1:40 of 1st period - Shot Misses the Net. 1:42 of 1st period - Shot by Mikko Koivu. 1:42 of 1st period - Shot Misses the Net. 2:33 of 1st period - Shot by Alexander Ovechkin. 2:33 of 1st period - Shot Misses the Net. 2:37 of 1st period - Shot by Alexander Ovechkin. 2:37 of 1st period - Shot Blocked by Marco Scandella. 2:39 of 1st period - Shot by Drew Doughty. 2:39 of 1st period - Stopped by Jacob Markstrom with a rebound. 2:41 of 1st period - Shot by Alexander Ovechkin. 2:41 of 1st period - Shot Misses the Net. 2:51 of 1st period - Shot by Nick Bonino. 2:51 of 1st period - Stopped by Tuukka Rask without a rebound. 2:52 of 1st period - Mikko Koivu wins face-off versus Evgeny Kuznetsov in KELOWNA ROCKETS zone. 2:53 of 1st period - Shot by Brady Skjei. 2:53 of 1st period - Shot Blocked by Drew Doughty. 2:55 of 1st period - Shot by Mikko Koivu. 2:55 of 1st period - Stopped by Tuukka Rask with a rebound. 2:57 of 1st period - Shot by Brady Skjei. 2:57 of 1st period - Stopped by Tuukka Rask with a rebound. 3:01 of 1st period - Shot by Oliver Bjorkstrand. 3:01 of 1st period - Stopped by Tuukka Rask without a rebound. 3:02 of 1st period - Nick Bonino wins face-off versus Evgeny Kuznetsov in KELOWNA ROCKETS zone. 3:11 of 1st period - Shot by Evgeni Malkin. 3:11 of 1st period - Stopped by Tuukka Rask without a rebound. 3:12 of 1st period - Colby Cave wins face-off versus Evgeni Malkin in KELOWNA ROCKETS zone. 3:23 of 1st period - Shot by Evgeni Malkin. 3:23 of 1st period - Stopped by Tuukka Rask without a rebound. 3:24 of 1st period - Evgeny Kuznetsov wins face-off versus Brayden Point in KELOWNA ROCKETS zone. 3:29 of 1st period - Evgeny Kuznetsov is hit by Oliver Bjorkstrand and loses puck. 3:35 of 1st period - Icing by Nikita Zadorov. 3:36 of 1st period - Evgeni Malkin wins face-off versus Evgeny Kuznetsov in KELOWNA ROCKETS zone. 3:47 of 1st period - Shot by Alexander Radulov. 3:47 of 1st period - Stopped by Tuukka Rask without a rebound. 3:48 of 1st period - Anthony Cirelli wins face-off versus Brayden Point in KELOWNA ROCKETS zone. 3:55 of 1st period - Marco Scandella is hit by Nick Bjugstad and loses puck. 4:13 of 1st period - Off-side. 4:14 of 1st period - Evgeni Malkin wins face-off versus Evgeny Kuznetsov in neutral zone. 4:19 of 1st period - Minor Penalty to Jonas Siegenthaler for Cross-checking. 4:20 of 1st period - Evgeni Malkin wins face-off versus Anthony Cirelli in KELOWNA ROCKETS zone. 4:41 of 1st period - Shot by Zach Parise. 4:41 of 1st period - Stopped by Tuukka Rask without a rebound. 4:42 of 1st period - Brayden Point wins face-off versus Anthony Cirelli in KELOWNA ROCKETS zone. 5:07 of 1st period - Shot by Jaccob Slavin. 5:07 of 1st period - Deflect By Brayden Point. 5:07 of 1st period - Goal by Brayden Point - KELOWNA ROCKETS : 0 - SAN JOSE BRONCOS : 1. 5:08 of 1st period - Nick Bonino wins face-off versus Colby Cave in neutral zone. 5:14 of 1st period - Shot by Jordan Weal. 5:14 of 1st period - Stopped by Tuukka Rask without a rebound. 5:15 of 1st period - Dustin Brown wins face-off versus Evgeny Kuznetsov in KELOWNA ROCKETS zone. 5:48 of 1st period - Shot by Alexander Radulov. 5:48 of 1st period - Stopped by Tuukka Rask with a rebound. 5:50 of 1st period - Shot by Alexander Radulov. 5:50 of 1st period - Goal by Alexander Radulov - KELOWNA ROCKETS : 0 - SAN JOSE BRONCOS : 2. 5:51 of 1st period - Brayden Point wins face-off versus Vladimir Tarasenko in neutral zone. 6:00 of 1st period - Shot by Zach Parise. 6:00 of 1st period - Stopped by Tuukka Rask without a rebound. 6:01 of 1st period - Colton Sissons wins face-off versus Anthony Cirelli in KELOWNA ROCKETS zone. 6:19 of 1st period - Icing by Neal Pionk. 6:20 of 1st period - Colby Cave wins face-off versus Mikko Koivu in SAN JOSE BRONCOS zone. 6:21 of 1st period - Shot by Vladimir Tarasenko. 6:21 of 1st period - Stopped by Jacob Markstrom with a rebound. 6:58 of 1st period - Icing by Dmitri Orlov. 6:59 of 1st period - Zach Parise wins face-off versus Colby Cave in KELOWNA ROCKETS zone. 7:02 of 1st period - Shot by Brayden Point. 7:02 of 1st period - Goal by Brayden Point - KELOWNA ROCKETS : 0 - SAN JOSE BRONCOS : 3. 7:03 of 1st period - Evgeny Kuznetsov wins face-off versus Brayden Point in neutral zone. 7:57 of 1st period - Off-side. 7:58 of 1st period - Evgeni Malkin wins face-off versus Colby Cave in neutral zone. 8:18 of 1st period - Alexander Radulov is hit by Nikita Zadorov and loses puck. 9:40 of 1st period - Alexander Radulov is hit by Nick Bjugstad and loses puck. 9:58 of 1st period - Minor Penalty to Jonas Siegenthaler for Hooking. 9:59 of 1st period - Brayden Point wins face-off versus Alexander Ovechkin in KELOWNA ROCKETS zone. 10:00 of 1st period - Shot by Mikko Koivu. 10:00 of 1st period - Shot Blocked by Dmitri Orlov. 10:02 of 1st period - Shot by Marco Scandella. 10:02 of 1st period - Shot Misses the Net. 10:04 of 1st period - Shot by Jared Spurgeon. 10:04 of 1st period - Shot Misses the Net. 10:12 of 1st period - Shot by Brayden Point. 10:12 of 1st period - Shot Misses the Net. 10:14 of 1st period - Shot by Jared Spurgeon. 10:14 of 1st period - Shot Misses the Net. 10:16 of 1st period - Shot by Marco Scandella. 10:16 of 1st period - Shot Blocked by Marcus Pettersson. 10:18 of 1st period - Shot by Marco Scandella. 10:18 of 1st period - Shot Blocked by Marcus Pettersson. 10:20 of 1st period - Shot by Brayden Point. 10:20 of 1st period - Stopped by Tuukka Rask without a rebound. 10:21 of 1st period - Brayden Point wins face-off versus Alexander Ovechkin in KELOWNA ROCKETS zone. 10:21 of 1st period - Brayden Point is hit by Nikita Zadorov. 10:23 of 1st period - Shot by Mikko Koivu. 10:23 of 1st period - Stopped by Tuukka Rask without a rebound. 10:24 of 1st period - Brayden Point wins face-off versus Alexander Ovechkin in KELOWNA ROCKETS zone. 10:57 of 1st period - Shot by Brayden Point. 10:57 of 1st period - Stopped by Tuukka Rask without a rebound. 10:58 of 1st period - Evgeni Malkin wins face-off versus Anthony Cirelli in KELOWNA ROCKETS zone. 11:05 of 1st period - Shot by Evgeni Malkin. 11:05 of 1st period - Stopped by Tuukka Rask without a rebound. 11:06 of 1st period - Anthony Cirelli wins face-off versus Evgeni Malkin in KELOWNA ROCKETS zone. 12:09 of 1st period - Shot by Vladimir Tarasenko. 12:09 of 1st period - Stopped by Jacob Markstrom with a rebound. 12:11 of 1st period - Shot by Vladimir Tarasenko. 12:11 of 1st period - Shot Blocked by Marco Scandella. 12:13 of 1st period - Shot by Vladimir Tarasenko. 12:13 of 1st period - Stopped by Jacob Markstrom without a rebound. 12:14 of 1st period - Evgeny Kuznetsov wins face-off versus Mikko Koivu in SAN JOSE BRONCOS zone. 12:31 of 1st period - Icing by Dmitri Orlov. 12:32 of 1st period - Evgeny Kuznetsov wins face-off versus Brayden Point in KELOWNA ROCKETS zone. 12:32 of 1st period - Evgeny Kuznetsov is hit by Brayden Point. 13:00 of 1st period - Shot by Brayden Point. 13:00 of 1st period - Shot Misses the Net. 13:22 of 1st period - Vladimir Tarasenko is hit by Zach Parise and loses puck. 13:33 of 1st period - Vladimir Tarasenko is hit by Dustin Brown and loses puck. 13:40 of 1st period - Shot by Evgeni Malkin. 13:40 of 1st period - Stopped by Tuukka Rask with a rebound. 13:42 of 1st period - Shot by Alexander Radulov. 13:42 of 1st period - Stopped by Tuukka Rask without a rebound. 13:43 of 1st period - Nick Bonino wins face-off versus Anthony Cirelli in KELOWNA ROCKETS zone. 14:11 of 1st period - Minor Penalty to Marcus Pettersson for Interference. 14:12 of 1st period - Evgeni Malkin wins face-off versus Anthony Cirelli in KELOWNA ROCKETS zone. 14:47 of 1st period - Shot by Alexander Radulov. 14:47 of 1st period - Shot Blocked by Drew Doughty. 14:49 of 1st period - Shot by Jaccob Slavin. 14:49 of 1st period - Shot Misses the Net. 14:51 of 1st period - Shot by Brady Skjei. 14:51 of 1st period - Shot Blocked by Nikita Zadorov. 15:29 of 1st period - Shot by Dustin Brown. 15:29 of 1st period - Stopped by Tuukka Rask with a rebound. 15:31 of 1st period - Shot by Jared Spurgeon. 15:31 of 1st period - Stopped by Tuukka Rask with a rebound. 15:33 of 1st period - Shot by Jared Spurgeon. 15:33 of 1st period - Shot Misses the Net. 15:35 of 1st period - Shot by Jared Spurgeon. 15:35 of 1st period - Shot Misses the Net. 15:37 of 1st period - Shot by Brayden Point. 15:37 of 1st period - Stopped by Tuukka Rask with a rebound. 15:39 of 1st period - Shot by Oliver Bjorkstrand. 15:39 of 1st period - Goal by Oliver Bjorkstrand - KELOWNA ROCKETS : 0 - SAN JOSE BRONCOS : 4. 15:40 of 1st period - Mikko Koivu wins face-off versus Colby Cave in neutral zone. 15:52 of 1st period - Shot by Mikko Koivu. 15:52 of 1st period - Deflect By Anthony Beauvillier. 15:52 of 1st period - Stopped by Tuukka Rask with a rebound. 16:14 of 1st period - Shot by Vladimir Tarasenko. 16:14 of 1st period - Shot Misses the Net. 16:16 of 1st period - Shot by James van Riemsdyk. 16:16 of 1st period - Stopped by Jacob Markstrom without a rebound. 16:17 of 1st period - Evgeni Malkin wins face-off versus Anthony Cirelli in SAN JOSE BRONCOS zone. 16:21 of 1st period - Dmitri Orlov is hit by Jaccob Slavin and loses puck. 16:36 of 1st period - Shot by Evgeni Malkin. 16:36 of 1st period - Stopped by Tuukka Rask without a rebound. 16:37 of 1st period - Brayden Point wins face-off versus Alexander Ovechkin in KELOWNA ROCKETS zone. 16:53 of 1st period - Icing by Marcus Pettersson. 16:54 of 1st period - Evgeni Malkin wins face-off versus Evgeny Kuznetsov in KELOWNA ROCKETS zone. 17:13 of 1st period - Shot by Evgeni Malkin. 17:13 of 1st period - Stopped by Tuukka Rask without a rebound. 17:14 of 1st period - Brayden Point wins face-off versus Colby Cave in KELOWNA ROCKETS zone. 17:27 of 1st period - Shot by Zach Parise. 17:27 of 1st period - Shot Blocked by Jake Bean. 17:39 of 1st period - Shot by Zach Parise. 17:39 of 1st period - Stopped by Tuukka Rask with a rebound. 17:43 of 1st period - Shot by Oliver Bjorkstrand. 17:43 of 1st period - Stopped by Tuukka Rask without a rebound. 17:44 of 1st period - Evgeny Kuznetsov wins face-off versus Evgeni Malkin in KELOWNA ROCKETS zone. 17:50 of 1st period - Evgeny Kuznetsov is hit by Jaccob Slavin and loses puck. 17:55 of 1st period - Shot by Alexander Ovechkin. 17:55 of 1st period - Stopped by Jacob Markstrom with a rebound. 17:59 of 1st period - Shot by Alexander Ovechkin. 17:59 of 1st period - Stopped by Jacob Markstrom without a rebound. 18:00 of 1st period - Anthony Cirelli wins face-off versus Mikko Koivu in SAN JOSE BRONCOS zone. 18:15 of 1st period - Shot by Colton Sissons. 18:15 of 1st period - Stopped by Tuukka Rask with a rebound. 18:30 of 1st period - Shot by Nick Bjugstad. 18:30 of 1st period - Stopped by Jacob Markstrom without a rebound. 18:31 of 1st period - Evgeny Kuznetsov wins face-off versus Brayden Point in SAN JOSE BRONCOS zone. 19:01 of 1st period - Shot by Brayden Point. 19:01 of 1st period - Shot Misses the Net. 19:04 of 1st period - Oliver Bjorkstrand is hit by Nikita Zadorov and loses puck. 19:09 of 1st period - Shot by Zach Parise. 19:09 of 1st period - Stopped by Tuukka Rask without a rebound. 19:10 of 1st period - Evgeni Malkin wins face-off versus Colby Cave in KELOWNA ROCKETS zone. 19:45 of 1st period - Shot by James van Riemsdyk. 19:45 of 1st period - Stopped by Jacob Markstrom with a rebound. 19:47 of 1st period - Shot by Vladimir Tarasenko. 19:47 of 1st period - Stopped by Jacob Markstrom without a rebound. 19:48 of 1st period - Nick Bonino wins face-off versus Alexander Ovechkin in SAN JOSE BRONCOS zone. Goals for this period are 0 for KELOWNA ROCKETS vs 4 for SAN JOSE BRONCOS. Shots for this period are 12 for KELOWNA ROCKETS vs 32 for SAN JOSE BRONCOS. 2nd period 0:01 of 2nd period - Evgeny Kuznetsov wins face-off versus Evgeni Malkin in neutral zone. 0:42 of 2nd period - Shot by Alexander Ovechkin. 0:42 of 2nd period - Deflect By Evgeny Kuznetsov. 0:42 of 2nd period - Shot Misses the Net. 0:44 of 2nd period - Shot by Alexander Ovechkin. 0:44 of 2nd period - Stopped by Jacob Markstrom without a rebound. 0:45 of 2nd period - Brayden Point wins face-off versus Colby Cave in SAN JOSE BRONCOS zone. 0:56 of 2nd period - Shot by Vladimir Tarasenko. 0:56 of 2nd period - Shot Blocked by Neal Pionk. 0:58 of 2nd period - Shot by Dmitri Orlov. 0:58 of 2nd period - Shot Misses the Net. 1:00 of 2nd period - Shot by Dmitri Orlov. 1:00 of 2nd period - Shot Misses the Net. 1:02 of 2nd period - Shot by Nikita Zadorov. 1:02 of 2nd period - Stopped by Jacob Markstrom without a rebound. 1:03 of 2nd period - Mikko Koivu wins face-off versus Anthony Cirelli in SAN JOSE BRONCOS zone. 1:20 of 2nd period - Shot by Colton Sissons. 1:20 of 2nd period - Shot Misses the Net. 2:15 of 2nd period - Icing by Marco Scandella. 2:16 of 2nd period - Evgeny Kuznetsov wins face-off versus Mikko Koivu in SAN JOSE BRONCOS zone. 2:33 of 2nd period - Shot by Drew Doughty. 2:33 of 2nd period - Stopped by Jacob Markstrom without a rebound. 2:34 of 2nd period - Matthew Peca wins face-off versus Brayden Point in SAN JOSE BRONCOS zone. 2:38 of 2nd period - Icing by Jared Spurgeon. 2:39 of 2nd period - Colby Cave wins face-off versus Brayden Point in SAN JOSE BRONCOS zone. 2:49 of 2nd period - Icing by Jared Spurgeon. 2:50 of 2nd period - Brayden Point wins face-off versus Evgeny Kuznetsov in SAN JOSE BRONCOS zone. 2:55 of 2nd period - Alexander Ovechkin is hit by Brayden Point and loses puck. 3:19 of 2nd period - Off-side. 3:20 of 2nd period - Dustin Brown wins face-off versus Colby Cave in neutral zone. 3:22 of 2nd period - Alexander Radulov is hit by Drew Doughty and loses puck. 3:30 of 2nd period - Minor Penalty to Neal Pionk for Holding. 3:31 of 2nd period - Evgeny Ku